 Dungeon Crawl Stone Soup version 0.29-a0-334-gb41bcbb86e (webtiles) character file.

Game seed: 15849067247816758260

3 spaghetti the Shield-Bearer (level 1, 18/18 HPs)
             Began as a Demigod Fighter on Apr 14, 2022.
             Quit the game on level 1 of the Dungeon.
             The game lasted 00:00:27 (116 turns).

spaghetti the Shield-Bearer (Demigod Fighter)        Turns: 116, Time: 00:00:27

Health: 18/18      AC:  6    Str: 17    XL:     1   Next: 33%
Magic:  3/3        EV:  8    Int: 10    God:
Gold:   0          SH:  4    Dex: 13    Spells: 0/0 levels left

rFire   . . .      SeeInvis .   a - +0 flail {mace}
rCold   . . .      Faith    .   c - +0 buckler
rNeg    . . .      Spirit   .   b - +0 scale mail
rPois   .          Reflect  .   (no helmet)
rElec   .          Harm     .   e - scarf {shadows}
rCorr   .          Rampage  .   (no gloves)
Will    .....                   (no boots)
Stlth   ..........              (no amulet)
HPRegen 0.06/turn               (no ring)
MPRegen 0.08/turn               (no ring)

@: no status effects
A: high MP 1, forlorn, divine attributes
a: no special abilities


You were on level 1 of the Dungeon.
You visited 1 branch of the dungeon, and saw 1 of its levels.


Innate Abilities, Weirdness & Mutations

You have an increased reservoir of magic. (+10% MP)
You shall have no god before yourself.
Your divine heritage dramatically boosts your attributes as you level up.


   Skills:
 - Level 2.6 Fighting
 + Level 2.1 Maces & Flails
 - Level 2.6 Armour
 - Level 2.6 Shields


You couldn't memorise any spells.
You didn't know any spells.
Your spell library was empty.

Inventory:

Hand Weapons
 a - a +0 flail (weapon) {mace}
Armour
 b - a +0 scale mail (worn)
 c - a +0 buckler (worn)
 e - a scarf of shadows (worn)
   (You found it on level 1 of the Dungeon)
Potions
 d - a potion of might

Dungeon Overview and Level Annotations

Branches:
Dungeon (1/15)

# ### #. #.####
###.####.##.##
......#...#..####
........#.....).##
........###.#.##..#
.......>###.#..@#...
..........#.###.....K.
........#....##.######
........####....#
...♣......# .##.#
.......†..# #.#
...♣......# #.#
..........#
...♣.....##


You could see a kobold.


Message History

🤖 Initializing magus.rc ...
Options error: Delay interrupt name "hungry" not recognised. (~/.crawlrc:4761) Options error: Bad monster_list_colour key: strict_neutral (~/.crawlrc:4776) ✅ Successfully initialized magus.rc [v1.9.6] Welcome, spaghetti the Demigod Fighter.
The Orb of Zot is coveted for many reasons.
Will you seize it for your own?
Press ? for a list of commands and other information.
Found a staircase leading out of the dungeon.
You open the gate.
There is an open gate here.
Found a runed scarf.
A goblin comes into view. It is wielding a +0 club.
The goblin shouts!
A goblin is nearby!
A goblin is nearby!
A bat comes into view.
The goblin barely misses you.
You miss the goblin. The bat hits you but does no damage.
The goblin completely misses you.
You hit the goblin but do no damage. The bat hits you but does no damage.
The goblin hits you with a +0 club.
The bat hits you but does no damage. 😕 HP[-2]
You take 2 damage, and now have 16/18 hp.
You are too injured to fight recklessly!
You are too injured to fight recklessly!
You are too injured to fight recklessly!
You are too injured to fight recklessly!
You are too injured to fight recklessly!
You are too injured to fight recklessly!
You are too injured to fight recklessly!
You are too injured to fight recklessly!
There are monsters nearby!
There are monsters nearby!
You sock the goblin!
You kill the goblin!
The bat hits you but does no damage. The bat hits you but does no damage.
Things that are here:
a +0 club {mace}; a goblin corpse The bat hits you. 😕 HP[-1]
You take 1 damage, and now have 15/18 hp.
The bat hits you but does no damage. x2
You miss the bat. The bat hits you but does no damage.
The bat barely misses you. The bat hits you. 😕 HP[-1]
You take 1 damage, and now have 14/18 hp.
A rat comes into view.
You block the bat's attack.
Found a stone staircase leading down.
The bat barely misses you. The bat barely misses you.
You hit the bat.
The bat hits you but does no damage. 😕 HP[+1]
You hit the rat but do no damage. The bat hits you. You block the rat's attack.
The rat bites you but does no damage. 😕 HP[-1]
You take 1 damage, and now have 14/18 hp.
You hit the rat.
You kill the rat!
The bat hits you but does no damage.
Your Maces & Flails skill increases to level 2!
You block the bat's attack.
You see here a scarf of shadows.
e - a scarf of shadows The bat hits you but does no damage.
The bat barely misses you. x2
You start putting on your armour.
You continue putting on your scarf of shadows.
The bat hits you but does no damage.
Keep equipping yourself? [Y]es or [N]o only, please.
Keep equipping yourself? [Y]es or [N]o only, please.
Keep equipping yourself?
You continue putting on your scarf of shadows.
The bat closely misses you.
You continue putting on your scarf of shadows.
The bat hits you but does no damage.
You continue putting on your scarf of shadows.
The bat hits you but does no damage.
You finish putting on your scarf of shadows.
It gets dark.
A bat is nearby!
A bat is nearby!
You barely miss the bat. You block the bat's attack.
You hit the bat.
You kill the bat!
There is a stone staircase leading down here.
Key pressed, stopping explore.
A kobold comes into view. It is wielding a +0 club.
The kobold shouts! 😎 HP[+4]
Your hp is fully restored (18).
A kobold is nearby!
A kobold is nearby!
A kobold is nearby!
Are you sure you want to abandon this character and quit the game? (Confirm with "yes".)

Skill      XL: |  1 |
---------------+----+-----
Maces & Flails | 2 |  2.1
Fighting       | |  2.6
Armour         | |  2.6
Shields        | |  2.6

Action                   || total
-------------------------++-------
Melee: Flail             ||     9
Armor: Scale mail        ||    15
Dodge: Dodged            ||     8
Block: Buckler           ||     4

Levels and vault maps discovered:
D:1:      wander_arrival_estate, layout_rooms, shapermc_ecumenical_altar_petra,
          minmay_misc_feat_ornament

Notes
Turn   | Place    | Note
-------+----------+-------------------------------------------
     0 | D:1      | spaghetti the Demigod Fighter began the quest for the Orb.
     0 | D:1      | Reached XP level 1. HP: 18/18 MP: 3/3
     0 | D:1      | magus.rc [v1.9.6]
    35 | D:1      | Reached skill level 2 in Maces & Flails
   116 | D:1      | Quit the game

Vanquished Creatures
  A bat (D:1)
  A goblin (D:1)
  A rat (D:1)
3 creatures vanquished.

Table legend:
 A = Non-vault XP
 B = Vault XP
 C = Vault XP percentage of total XP
 D = Non-vault monster count
 E = Vault monster count
 F = Vault count percentage of total count
                 A         B        C        D         E       F
            +---------+---------+-------+---------+---------+-------
      Total |       5 |       0 |   0.0 |       3 |       0 |   0.0
            +---------+---------+-------+---------+---------+-------
        D:1 |       5 |       0 |   0.0 |       3 |       0 |   0.0
            +---------+---------+-------+---------+---------+-------

Illustrated notes

Table legend:
 A = Kills in this place as a percentage of kills in entire the game.
 B = Kills by you in this place as a percentage of kills by you in the entire game.
 C = Kills by friends in this place as a percentage of kills by friends in the entire game.
 D = Other kills in this place as a percentage of other kills in the entire game.
 E = Experience gained in this place as a percentage of experience gained in the entire game.
 F = Experience gained in this place divided by the number of levels of this place that you have seen.
                   A       B       C       D       E      F
               +-------+-------+-------+-------+-------+----------------------
         Total | 100.0 | 100.0 |   N/A |   N/A | 100.0 |   5.0
       Dungeon | 100.0 | 100.0 |   N/A |   N/A | 100.0 |   5.0
               +-------+-------+-------+-------+-------+----------------------

Table legend: (Time is in decaauts)
 A = Elapsed time spent in this place.
 B = Non-inter-level travel time spent in this place.
 C = Inter-level travel time spent in this place.
 D = Time resting spent in this place.
 E = Time spent auto-exploring this place.
 F = Levels seen in this place.
 G = Mean time per level.
                   A        B        C        D        E       F      G
               +--------+--------+--------+--------+--------+-----+--------+
         Total |    119 |    119 |      0 |      0 |     86 |   1 |  119.0 |
       Dungeon |    119 |    119 |      0 |      0 |     86 |   1 |  119.0 |
               +--------+--------+--------+--------+--------+-----+--------+

Top non-repeatable levels by time:
     D:1: 119 daAuts
